 Dungeon Crawl Stone Soup version 0.20-a0-29-g41cc41e (webtiles) character file.

4426 Flintgrin the Slinger (level 10, -7/67 (68) HPs)
             Began as a Halfling Hunter on Nov 7, 2016.
             Was a Follower of Uskayaw.
             Mangled by an orc warrior
             ... wielding a +0 trident
              (15 damage)
             ... on level 7 of the Dungeon on Nov 8, 2016.
             The game lasted 03:20:42 (9387 turns).

Flintgrin the Slinger (Halfling Hunter)             Turns: 9387, Time: 03:20:43

HP:   -7/67 (68)    AC: 10    Str: 14    XL:     10   Next: 62%
MP:   0/10          EV: 14    Int:  9    God:    Uskayaw [*.....]
Gold: 227           SH:  9    Dex: 18    Spells: 0 memorised, 9 levels left

rFire  . . .     SeeInvis +     v - +5 long sword
rCold  . . .     Gourm    .     A - +0 scale mail (curse)
rNeg   . . .     Faith    .     k - +2 buckler
rPois  .         Spirit   +     i - +1 helmet
rElec  .         Reflect  .     (no cloak)
rCorr  .         Harm     .     (no gloves)
MR     .....                    (no boots)
Stlth  +.........               z - amulet of guardian spirit
                                (no ring)
                                h - ring of see invisible

@: no status effects
A: mutation resistance 2
a: Stomp, Renounce Religion


You were on level 7 of the Dungeon.
You worshipped Uskayaw.
Uskayaw was noncommittal.
You were not hungry.

You visited 2 branches of the dungeon, and saw 8 of its levels.

You collected 309 gold pieces.
You spent 82 gold pieces at shops.

Inventory:

Hand Weapons
 a - a +2 hunting sling
 j - a +0 arbalest
 v - a +5 long sword (weapon)
 D - a +1 whip of venom
 K - a +2 whip of flaming
 L - a +0 shortbow
 T - a +1 dagger of protection
 V - a +0 short sword
 Z - a +0 dagger
Missiles
 b - 24 bolts
 c - 2 throwing nets
 g - 153 stones (quivered)
 u - 204 arrows
 C - 33 poisoned needles
Armour
 e - a +0 chain mail
 i - a +1 helmet (worn)
 k - a +2 buckler (worn)
 n - a +0 scale mail
 o - a +2 leather armour of poison resistance
 p - a +2 robe of magic resistance
 t - a +0 robe
 x - a +0 ring mail
 A - a cursed +0 scale mail (worn)
 I - a +0 leather armour
 M - a +0 leather armour
 X - +0 steam dragon scales
 Y - a +0 leather armour
Jewellery
 h - a ring of see invisible (left hand)
 z - an amulet of guardian spirit (around neck)
Wands
 U - a wand of paralysis (12/24)
Scrolls
 s - 2 scrolls of random uselessness
 y - 3 scrolls of fear
 B - a scroll of remove curse
 N - a scroll of recharging
Potions
 q - a potion of flight
 w - a potion of agility
 R - a potion of brilliance
Books
 d - the Tome of Combat Magic and Creation
   (You found it on level 6 of the Dungeon)

   Spells                             Type                      Level
   a - Summon Butterflies             Summoning                    1
   b - Searing Ray                    Conjuration                  2
   c - Bolt of Draining               Conjuration/Necromancy       5
   d - Freezing Cloud                 Conjuration/Ice/Air          6
   e - Bolt of Cold                   Conjuration/Ice              6
 Q - a book of Geomancy

   Spells                             Type                      Level
   a - Sandblast                      Earth                        1
   b - Passwall                       Transmutation/Earth          2
   c - Stone Arrow                    Conjuration/Earth            3
   d - Petrify                        Transmutation/Earth          4
   e - Lee's Rapid Deconstruction     Earth                        5
Comestibles
 f - 10 bread rations
 l - 2 meat rations
 E - 2 royal jellies
 H - 3 chunks of flesh
 O - 6 beef jerkies


   Skills:
 + Level 5.9 Fighting
 + Level 4.3(4.8) Short Blades
 + Level 2.2(3.2) Long Blades
 + Level 2.1 Maces & Flails
 + Level 12.6 Slings
 + Level 6.7 Armour
 + Level 4.1 Dodging
 + Level 4.0 Stealth
 + Level 5.1 Shields


You had 9 spell levels left.
You didn't know any spells.

Dungeon Overview and Level Annotations

Branches:
Dungeon (7/15)             Temple (1/1) D:4

Altars:
Cheibriados
Dithmenos
Elyvilon
Hepliaklqana
Kikubaaqudgha
Makhleb
Nemelex Xobeh
Qazlal
Trog
Uskayaw
Vehumet
Xom
Zin
The Shining One

Shops:
D:4 (?*}


Innate Abilities, Weirdness & Mutations

You are small and have problems with some larger weapons.
You are somewhat resistant to both further mutation and mutation removal.


Message History

The bullfrog hits you but does no damage.
The bullfrog hits you but does no damage.
Wield which item (- for none, * to show all)? (? for menu, Esc to quit)
w - a potion of agility (in hand)
The bullfrog hits you but does no damage.
You start eating one of the 7 beef jerkies.
The orc warrior hits you from afar with a trident.
* * * LOW HITPOINT WARNING * * *
The bullfrog hits you but does no damage.
You can no longer pass through a line of other dancers.
That beef jerky was delicious!
Wield which item (- for none, * to show all)? (? for menu, Esc to quit)
v - a +5 long sword (weapon)
The bullfrog hits you but does no damage.
The orc warrior barely misses you.
You slash the bullfrog!
You kill the bullfrog!
Your Stealth skill increases to level 4!
The orc warrior hits you from afar with a trident!
You die...

#.# #.# #..# #.# #.### #..# #.#
#...###.####### ### #.#
###^.##.#.....##... ##.#
##............... ####..#
####............ .....##
#####§...........
#################§o§§o.....((....
................@§###o.........(.
################### #...........(
#.........((. ##...........
##.....##... ####### ###


You could see an orc warrior.

Vanquished Creatures
  Pikel (D:6)
  The ghost of WindowMaker the Poker, an amateur FoFi (D:4)
  Sigmund (D:4)
  A wyvern (D:4)
  Eustachio (D:4)
  A steam dragon (D:6)
  Duvessa (D:7)
  An orc warrior (D:6)
  A slave (D:6)
  2 black bears
  A necrophage (D:6)
  2 phantoms
  2 ogres
  2 ice beasts
  2 centaurs
  3 bullfrogs
  A gnoll sergeant (D:4)
  A wyvern zombie (D:7)
  Dowan (D:7)
  3 howler monkeys
  5 wights (D:6)
  4 crimson imps
  4 hounds
  2 orc priests (D:6)
  A centaur zombie (D:6)
  3 gnoll shamans
  4 orc wizards
  3 iguanas
  5 worker ants
  45 gnolls
  A worker ant zombie (D:6)
  7 adders
  2 shadow imps
  2 adder skeletons
  3 worms
  2 dart slugs
  3 leopard geckos
  26 orcs
  A ball python (D:4)
  8 bats
  5 giant cockroaches
  4 goblins
  9 hobgoblins
  25 jackals
  2 quokkas
  A frilled lizard (D:1)
  6 kobolds
  5 rats
217 creatures vanquished.

Vanquished Creatures (others)
  An adder zombie (D:6)
1 creature vanquished.

Grand Total: 218 creatures vanquished

Notes
Turn   | Place    | Note
-------+----------+-------------------------------------------
     0 | D:1      | Flintgrin the Halfling Hunter began the quest for the Orb.
     0 | D:1      | Reached XP level 1. HP: 14/14 MP: 1/1
   303 | D:1      | Reached skill level 6 in Slings
   329 | D:1      | Reached XP level 2. HP: 18/19 MP: 2/2
   778 | D:1      | Reached XP level 3. HP: 21/24 MP: 3/3
  1017 | D:2      | Reached skill level 7 in Slings
  1024 | D:2      | Reached XP level 4. HP: 21/29 MP: 4/4
  1031 | D:2      | Reached skill level 1 in Armour
  1635 | D:3      | Reached XP level 5. HP: 28/34 MP: 5/5
  1665 | D:3      | Found a faded altar of an unknown god.
  2438 | D:4      | Found Hero's Assorted Antiques.
  2444 | D:4      | Noticed an ogre
  2452 | D:4      | Killed an ogre
  2452 | D:4      | Reached skill level 1 in Short Blades
  2452 | D:4      | Reached skill level 8 in Slings
  2452 | D:4      | Reached XP level 6. HP: 41/41 MP: 6/6
  2556 | D:4      | Found Fasijafe's Antique Weapon Shop.
  2569 | D:4      | Found Qamakk's Magic Scroll Emporium.
  2588 | D:4      | Bought a scroll of enchant armour for 82 gold pieces
  2722 | D:4      | Noticed Eustachio
  2748 | D:4      | Reached XP level 7. HP: 27/46 MP: 7/7
  2766 | D:4      | Killed Eustachio
  2766 | D:4      | Reached skill level 9 in Slings
  2838 | D:4      | Found Fyenly's Gadget Emporium.
  3076 | D:4      | Reached skill level 1 in Shields
  3414 | D:3      | Became a worshipper of Uskayaw the Reveler
  3414 | D:3      | Reached * piety under Uskayaw
  3641 | D:4      | Noticed WindowMaker's ghost (amateur FoFi)
  3658 | D:4      | Reached ** piety under Uskayaw
  3669 | D:4      | Killed WindowMaker's ghost
  3669 | D:4      | Reached skill level 10 in Slings
  3669 | D:4      | Reached XP level 8. HP: 17/53 MP: 2/8
  3670 | D:4      | Reached *** piety under Uskayaw
  4158 | D:3      | Upgraded the game from 0.20-a0-19-gd4fea00 to 0.20-a0-29-g41cc41e
  4388 | D:4      | Reached **** piety under Uskayaw
  4476 | D:4      | Noticed Sigmund
  4477 | D:4      | Found a stormy altar of Qazlal.
  4514 | D:4      | Killed Sigmund
  4514 | D:4      | Reached skill level 11 in Slings
  4643 | D:4      | Noticed a wyvern
  4668 | D:4      | Killed a wyvern
  4668 | D:4      | Reached XP level 9. HP: 32/59 MP: 4/9
  5123 | D:4      | Reached skill level 12 in Slings
  5701 | D:4      | Found a staircase to the Ecumenical Temple.
  5710 | Temple   | Entered the Ecumenical Temple
  5963 | D:5      | Entered Level 5 of the Dungeon
  6195 | D:5      | Reached skill level 5 in Armour
  6865 | D:6      | Reached skill level 1 in Maces & Flails
  6928 | D:6      | Gained mutation: You are somewhat resistant to both further mutation and mutation removal. [potion of mutation]
  7276 | D:6      | Reached skill level 5 in Fighting
  7309 | D:6      | Identified the Tome of Combat Magic and Creation
  7829 | D:6      | Reached XP level 10. HP: 51/65 MP: 8/10
  7883 | D:6      | Noticed Pikel
  7927 | D:6      | Killed Pikel
  8858 | D:7      | Found a snail-covered altar of Cheibriados.
  8860 | D:7      | Found a glowing silver altar of Zin.
  8866 | D:7      | Reached skill level 1 in Long Blades
  9061 | D:7      | Reached skill level 5 in Shields
  9149 | D:7      | Noticed Duvessa
  9168 | D:7      | Killed Duvessa
  9169 | D:7      | Noticed Dowan
  9179 | D:7      | Killed Dowan
  9387 | D:7      | Mangled by an orc warrior

Vault maps used:
D:1:      lightli_arrival_farm
D:2:      kb_forest_paths
D:3:      ecumenical_altar_1, first_bread, corexii_item_surrounded_by_moat
D:4:      lemuel_castle_with_subvaults, lemuel_round_altar, serial_shops, shop,
          nicolae_shop_crystal, shop, shop, minmay_misc_feat_four_crosses,
          uniq_eustachio, uniq_sigmund
D:6:      black_bear_nest_2, uniq_pikel
D:7:      chequers_temple_overflow_statue_of_worship, grunt_ogre_cave,
          uniq_duvessa, uniq_menkaure
Temple:   eino_temple_rhombus

Skill      XL: |  1  2  3  4  5  6  7  8  9 10 |
---------------+-------------------------------+-----
Fighting       | 2 3 4 5 |  5.9
Slings         | 6 7 8 10 11 12 | 12.6
Armour         | 1 2 3 4 6 |  6.7
Short Blades   | 1 2 3 4 |  4.3
Shields        | 1 2 3 5 |  5.1
Dodging        | 3 4 |  4.1
Stealth        | 2 3 4 |  4.0
Maces & Flails | 1 2 |  2.1
Long Blades    | 2 |  2.2

Action                   |  1- 3 |  4- 6 |  7- 9 | 10-12 || total
-------------------------+-------+-------+-------+-------++-------
Melee: Short sword       |    13 |       |       |       ||    13
       Dagger            |     6 |    72 |   304 |    46 ||   428
       Whip              |       |     4 |    57 |    10 ||    71
       Long sword        |       |       |       |    56 ||    56
 Fire: Hunting sling     |    62 |    97 |   418 |   131 ||   708
Throw: Stone             |       |       |     1 |       ||     1
Invok: Stomp             |       |       |     7 |     1 ||     8
  Use: Scroll            |     4 |     4 |     6 |     5 ||    19
       Potion            |       |     4 |     8 |     1 ||    13
 Stab: Paralysed         |       |       |     5 |     1 ||     6
  Eat: Chunk             |       |     1 |     9 |     1 ||    11
       Meat ration       |       |     1 |     1 |     1 ||     3
       Beef jerky        |       |       |     1 |     1 ||     2
Armor: Leather armour    |     3 |       |    10 |       ||    13
       Scale mail        |     4 |    16 |   102 |    28 ||   150
       Chain mail        |       |    13 |    33 |       ||    46
Dodge: Dodged            |    30 |    49 |   252 |    56 ||   387
Block: Buckler           |    15 |    28 |   174 |    56 ||   273
       Rpst.: Long sword |       |       |       |     6 ||     6
